 Dungeon Crawl Stone Soup version 0.29.0-7-g18a832c13a (webtiles) character file.

Game seed: 5179631887003313480

106 sanka the Slasher (level 5, -2/40 HPs)
             Began as a Djinni Chaos Knight on Aug 30, 2022.
             Was a Plaything of Xom.
             Slain by Ijyb
             ... wielding a +0 club
              (5 damage)
             ... on level 3 of the Dungeon.
             The game lasted 00:02:53 (2414 turns).

sanka the Slasher (Djinni Chaos Knight)             Turns: 2414, Time: 00:02:53

Health: -2/40      AC:  3    Str: 11    XL:     5   Next: 10%
Gold:   110        EV:  8    Int: 15    God:    Xom [.*....] SH:  0 Dex: 13

rFire   + + .      SeeInvis .   a - +0 falchion (chaos)
rCold   x . .      Faith    .   (no shield)
rNeg    . . .      Spirit   .   b - +2 leather armour
rPois   ∞          Reflect  .   (no helmet)
rElec   .          Harm     .   (no cloak)
rCorr   .          Rampage  .   (no gloves)
Will    .....                   (boots unavailable)
Stlth   +.........              (no amulet)
HPRegen 0.13/turn               (no ring)
MPRegen 0.00/turn               (no ring)

@: grasped by roots, flying, constricted
A: sickness immunity, fire resistance 2, cold vulnerability 1, float, innate
caster, HP casting, extra vitality 1, deformed body, inability to drink after
injury 1, inability to read after injury 1
a: Renounce Religion


You were on level 3 of the Dungeon.
You worshipped Xom.
You were a plaything of Xom.
You visited 1 branch of the dungeon, and saw 3 of its levels.

You collected 110 gold pieces.


Innate Abilities, Weirdness & Mutations

You are immune to sickness and miasma.
You are immune to poison.
Your flesh is very heat resistant. (rF++)
You are vulnerable to cold. (rC-)
You float through the air rather than walking.
You learn spells naturally, not from books.
Your magical power is your life essence.
You have superior vitality. (+4 MHP)
Armour fits poorly on your strangely shaped body.
You occasionally lose the ability to drink potions when taking damage.
You occasionally lose the ability to read scrolls when taking damage.


   Skills:
 - Level 3.0 Fighting
 - Level 4.0 Long Blades
 - Level 1.0 Armour
 - Level 2.1 Dodging
 + Level 2.1 Spellcasting


You had 5 spell levels left.
You knew the following spells:

 Your Spells              Type           Power      Damage    Failure   Level
y - Necrotise             Necr           28%        1d5       12%         1
z - Ensorcelled Hibernat  Hex/Ice        14%        N/A       19%         2
Your spell library was empty.

Inventory:

Hand Weapons
 a - a +0 falchion of chaos (weapon)
Armour
 b - a +2 leather armour (worn)
Magical Staves
 j - a staff of earth
Jewellery
 m - a ring of fire
Scrolls
 d - a scroll of blinking {unknown}
 e - 2 scrolls of identify {unknown}
 f - 2 scrolls of enchant weapon {unknown}
 h - a scroll of fear {unknown}
 n - a scroll of vulnerability {unknown}
 o - a scroll of magic mapping {unknown}
Potions
 g - a potion of haste {unknown}
 i - 3 potions of curing {unknown}
 k - a potion of mutation {unknown}
 l - a potion of flight {unknown}
Miscellaneous
 c - a piece from Xom's chessboard (14/15)

Dungeon Overview and Level Annotations

Branches:
Dungeon (3/15)

Altars:
Ashenzari
Nemelex Xobeh

Annotations:
D:2 1 runed translucent door, Crazy Yiuf
D:3 Ijyb

.. .. .▒ .▒▒ .. .▒
▒▒▒▒▒▒g▒▒▒.▒▒
▒....R......▒ ▒
▒▒▒.▒▒▒▒l▒▒▒▒..
▒.▒▒...▒ b.. ▒.▒..▒.▒
..S...▒
▒▒▒▒▒.▒.▒▒.▒.......▒
........▒▒....._.....
▒▒▒▒▒......▒. ....▒S▒
▒▒▒.▒▒.▒.. ....▒..
▒.▒▒.▒ ..


You could see Ijyb, a bat, 2 ball pythons and a frilled lizard.


Message History

The bat misses you. Ijyb hits you with a +0 club.
You feel threatened and lose the ability to read scrolls!
* * * LOW HITPOINT WARNING * * *
Unknown command.
You hit Ijyb but do no damage.
Ijyb is severely wounded.
You can read scrolls again.
The bat hits you but does no damage.
Ijyb zaps a wand.
The roots erupt in riotous growth!
The grasping roots grab you!
Ijyb is unaffected.
The frilled lizard is unaffected.
The grasping roots constrict you.
* * * LOW HITPOINT WARNING * * *
You closely miss Ijyb.
Ijyb is severely wounded.
The frilled lizard bites you.
* * * LOW HITPOINT WARNING * * *
Ijyb hits you but does no damage. The grasping roots constrict you.
* * * LOW HITPOINT WARNING * * *
A ball python comes into view.
You closely miss Ijyb.
Ijyb is severely wounded.
The frilled lizard bites you.
* * * LOW HITPOINT WARNING * * *
Ijyb hits you with a +0 club.
You die...

Action                   |  1- 3 |  4- 6 || total
-------------------------+-------+-------++-------
Melee: Falchion          |    88 |    78 ||   166
       Punch             |     1 |       ||     1
 Cast: Necrotise         |       |     8 ||     8
Evoke: Piece from Xom's  |       |     1 ||     1
 Stab: Sleeping          |     1 |       ||     1
       Paralysed         |       |     4 ||     4
Armor: Leather armour    |    42 |    21 ||    63
Dodge: Dodged            |    70 |    38 ||   108

Levels and vault maps discovered:
D:1:      onia_arrival_zoo_common, layout_basic, hangedman_decor_points
D:2:      layout_loops_ring, serial_glass, glass_columns_c, glass_columns_a,
          glass_columns_b, glass_columns_a, glass_columns_b, glass_columns_c,
          glass_columns_b, glass_columns_a, glass_columns_c, glass_columns_c,
          minmay_hexomino_r4, uniq_crazy_yiuf_cottage
D:3:      layout_basic, amcnicky_altar_gilded, old_standard_altar,
          nrook_mini_backslash, uniq_ijyb

Notes
Turn   | Place    | Note
-------+----------+-------------------------------------------
     0 | D:1      | sanka the Djinni Chaos Knight began the quest for the Orb.
     0 | D:1      | Reached XP level 1. HP: 20/20 MP: 0/0
     6 | D:1      | Noticed a black bear
     6 | D:1      | Noticed a salamander
     7 | D:1      | Noticed a snapping turtle
     7 | D:1      | Noticed a hog
   155 | D:1      | Reached skill level 3 in Long Blades
   207 | D:1      | Reached XP level 2. HP: 20/25 MP: 0/0
   253 | D:1      | XOM: silly message
   345 | D:1      | Reached XP level 3. HP: 30/30 MP: 0/0
   345 | D:1      | Learned a level 1 spell: Necrotise
   473 | D:1      | XOM: silly message
   639 | D:1      | XOM: divination: detect items
  1222 | D:2      | XOM: 1-stop teleportation journey
  1275 | D:2      | XOM: 1-stop teleportation journey
  1285 | D:2      | Reached skill level 4 in Long Blades
  1285 | D:2      | Reached XP level 4. HP: 34/35 MP: 0/0
  1288 | D:2      | XOM: swap monsters
  1290 | D:2      | Reached skill level 1 in Spellcasting
  1349 | D:2      | Found a sparkling altar of Nemelex Xobeh.
  1541 | D:2      | XOM: give mutations
  1541 | D:2      | Gained mutation: Armour fits poorly on your strangely
                  | shaped body. [Xom's mischief]
  1541 | D:2      | Gained mutation: You occasionally lose the ability to read
                  | scrolls when taking damage. [Xom's mischief]
  1541 | D:2      | Gained mutation: You occasionally lose the ability to drink
                  | potions when taking damage. [Xom's mischief]
  1684 | D:2      | Found a runed translucent door.
  1685 | D:2      | Noticed Crazy Yiuf
  1786 | D:2      | XOM: smoke on damage
  1834 | D:2      | XOM: 3-stop teleportation journey
  2058 | D:2      | XOM: divination: detect creatures
  2248 | D:3      | Reached XP level 5. HP: 39/40 MP: 0/0
  2248 | D:3      | Learned a level 2 spell: Ensorcelled Hibernation
  2270 | D:3      | Reached skill level 2 in Spellcasting
  2405 | D:3      | Found a broken altar of Ashenzari.
  2405 | D:3      | Noticed Ijyb
  2413 | D:3      | HP: 4/40 [constriction (5)]
  2414 | D:3      | Slain by Ijyb

Vanquished Creatures
  3 adders
  2 worms (D:2)
  2 dart slugs (D:1)
  11 endoplasms
  3 giant cockroaches
  6 goblins
  5 hobgoblins
  8 jackals (D:1)
  5 kobolds
  2 quokkas
  4 ball pythons
  2 bats
  4 frilled lizards
  3 rats (D:1)
60 creatures vanquished.
